cohdb
Replays
Latest Replays
All Replays
Popular Replays
Top Player Replays
Match Explorer
How It Works
Community
CoH3 Stats
Reddit
Sign in to upload your games and track your stats! →
Sign in with Steam
Match 39539329
Unlisted
Match 39539329
Overview
Messages
Build Orders
End
Scout Squad
Construct Weapon Support Center
Selects Heavy Weapons
M1919 Machine Gun Team
M1919 Machine Gun Team
Engineer Squad
Bazooka Squad
Infantry Support Center
Construct Medical Station
M3 Armored Personnel Carrier
Selects M2HB .50cal Heavy Machine Gun
M3 Armored Personnel Carrier
Construct Tank Depot
Scout Squad
Engineer Squad
Selects Rapid Reposition
Selects Bolstered Team Weapons
M4A1 Sherman Medium Tank
M1919 Machine Gun Team
Selects Assault Carriers
Selects Halftrack Strongpoints
M4A1 Sherman Medium Tank
M4A1 Sherman Medium Tank
BigTiddyLebron
kreumat
Okto
Spoky Skeleton
0
0
Comments
sign in to comment!
No comments posted yet!